 Dungeon Crawl Stone Soup version 0.23.2-40-g277498a001 (webtiles) character file.

Game seed: 7731266040365708214

2585 FishyPogo the Fighter (level 9, -10/81 HPs)
             Began as a Black Draconian Abyssal Knight on Sept 15, 2019.
             Was a Priest of Lugonu.
             Mangled by an orc warrior
             ... wielding a +0 glaive
              (17 damage)
             ... on level 7 of the Dungeon.
             The game lasted 00:23:21 (6558 turns).

FishyPogo the Fighter (DrAK)                        Turns: 6558, Time: 00:23:21

Health: -10/81     AC:  8    Str: 10 (12) XL:     9   Next: 32%
Magic:  14/14      EV: 14    Int: 16      God:    Lugonu [***...]
Gold:   357        SH:  5    Dex: 18      Spells: 5/8 levels left

rFire    . . .     SeeInvis .   a - +1 falchion
rCold    . . .     Gourm    .   o - +0 buckler
rNeg     . . .     Faith    .   (armour unavailable)
rPois    +         Spirit   .   (helmet restricted)
rElec    +         Reflect  .   (no cloak)
rCorr    .         Harm     .   f - +0 pair of gloves
MR       .....                  (no boots)
Stlth    +.........             d - amulet of regeneration
HPRegen  0.63/turn              e - -3 ring of strength (curse)
MPRegen  0.14/turn              u - ring "Ygonlau" {+Fly rPois Int+4 Dex+4}

@: short of breath
A: breathe lightning, unfitting armour, hooves 1, deterioration 1, electricity
resistance, cold-blooded, AC +7
a: Breathe Lightning, Depart the Abyss, Bend Space, Banish, Renounce Religion,
Evoke Flight


You were on level 7 of the Dungeon.
You worshipped Lugonu.
Lugonu was most pleased with you.
You were hungry.

You visited 1 branch of the dungeon, and saw 7 of its levels.
You visited the Abyss 1 time.

You collected 357 gold pieces.

Inventory:

Hand Weapons
 a - a +1 falchion (weapon)
 p - a +2 long sword of freezing
 t - a +4 spear
Missiles
 h - 186 stones (quivered)
Armour
 f - a +0 pair of gloves (worn)
 o - a +0 buckler (worn)
Jewellery
 c - a cursed ring of teleportation {unknown}
 d - an amulet of regeneration (around neck)
 e - a cursed -3 ring of strength (left hand)
 k - a cursed ring of fire
 l - an uncursed ring of see invisible
 q - an uncursed amulet of the acrobat
 u - the ring "Ygonlau" (right hand) {+Fly rPois Int+4 Dex+4}
   (You found it on level 5 of the Dungeon)

   [ring of flight]

   It affects your intelligence (+4).
   It affects your dexterity (+4).
   It protects you from poison.
   It lets you fly.
Wands
 i - a wand of scattershot (3)
 r - a wand of enslavement (8)
Scrolls
 g - 6 scrolls of identify
Potions
 j - 2 potions of cancellation
 m - 3 potions of resistance
 s - 3 potions of brilliance
Comestibles
 b - 14 rations
 n - 11 chunks of flesh


   Skills:
 + Level 8.0 Fighting
 + Level 6.6 Long Blades
 - Level 3.1 Dodging
 - Level 4.0 Shields
 + Level 7.1 Invocations
 * Level 3.1 Evocations


You had 5 spell levels left.
You knew the following spells:

 Your Spells              Type           Power        Failure   Level  Hunger
a - Confuse               Hex            #.......     58%         3    ####...

Your spell library contained the following spells:

 Spells                   Type           Power        Failure   Level  Hunger
 Confusing Touch          Hex            #.....       26%         1    ##.....
 Gell's Gravitas          Tloc           #.........   58%         3    ####...
 Petrify                  Tmut/Erth      #.......     94%         4    #####..
 Metabolic Englaciation   Hex/Ice        #.........   100%        5    ######.
 Yara's Violent Unravell  Hex/Tmut       #.........   100%        5    ######.


Dungeon Overview and Level Annotations

Branches:
Dungeon (7/15)             Temple (0/1) D:5

Altars:
Dithmenos
Okawaru
Ru

Annotations:
D:3 Sigmund


Innate Abilities, Weirdness & Mutations

You can breathe wild blasts of lightning.
Your glossy black scales are hard. (AC +7)
You cannot fit into any form of body armour.
You are resistant to electric shocks. (rElec)
You are cold-blooded and may be slowed by cold attacks.
You have large cloven feet.
Your body sometimes deteriorates upon taking damage.


Message History

The orc warrior hits you with a +0 glaive!
You hit the orc warrior but do no damage.
Your kick misses the orc warrior.
Your tail-slap misses the orc warrior.
The orc warrior is heavily wounded.
You block the orc warrior's attack.
You barely miss the orc warrior.
Your tail-slap misses the orc warrior.
The orc warrior is moderately wounded.
The orc warrior hits you with a +0 glaive!!
* * * LOW HITPOINT WARNING * * *
You hit the orc warrior.
The orc warrior is heavily wounded.
You barely miss the orc warrior.
The orc warrior is heavily wounded.
The orc warrior misses you.
Okay, then.
You hit the orc warrior but do no damage.
Your kick misses the orc warrior.
The orc warrior is heavily wounded.
The orc warrior hits you with a +0 glaive!
You die...

###.##.# ###.####.#
#...##.## #.# #.......#
#.. #.......####### ...
#.......##....# ....
####...###....# _..#
##..# #....# .....
#..###....#########.....
#.>.....(('.@o([.()....#
######....##########.###
######


You could see an orc warrior.

Vanquished Creatures
  A water moccasin (D:4)
  4 sky beasts
  A black bear (D:6)
  2 ice beasts (D:5)
  A centaur (D:7)
  2 ogres
  2 big kobolds (D:7)
  3 bullfrogs
  3 wights (D:6)
  2 howler monkeys (D:7)
  A crimson imp (D:5)
  A bullfrog zombie (D:4)
  2 jellies
  A hound (D:4)
  A gnoll shaman (D:4)
  3 orc priests
  9 orc wizards
  2 iguanas
  6 worker ants
  A killer bee zombie (D:7)
  2 hound skeletons
  A worker ant zombie (D:6)
  7 adders
  6 gnolls
  A shadow imp (D:6)
  2 oozes
  An adder skeleton (D:6)
  4 worms
  2 dart slugs (D:1)
  A leopard gecko (D:4)
  16 orcs
  2 giant cockroaches
  4 goblins
  2 hobgoblins
  9 jackals
  4 quokkas
  2 ball pythons (D:4)
  6 bats
  2 frilled lizards
  A giant cockroach zombie (D:6)
  A goblin zombie (D:4)
  A jackal skeleton (D:4)
  12 kobolds
  A leopard gecko zombie (D:7)
  8 rats
  A rat zombie (D:4)
147 creatures vanquished.

Vanquished Creatures (collateral kills)
  An orc (D:7)
1 creature vanquished.

Vanquished Creatures (others)
  An orc warrior (D:7)
  A necrophage (D:7)
  4 toadstools (D:3)
6 creatures vanquished.

Grand Total: 154 creatures vanquished

Notes
Turn   | Place    | Note
-------+----------+-------------------------------------------
     0 | Abyss:1  | FishyPogo the Draconian Abyssal Knight began the quest for
                  | the Orb.
     0 | Abyss:1  | Reached XP level 1. HP: 19/19 MP: 2/2
    22 | Abyss:1  | Found a corrupted altar of Lugonu.
    62 | Abyss:1  | Noticed a smoke demon
    62 | Abyss:1  | Noticed a large abomination
    64 | D:1      | Escaped the Abyss
   112 | D:1      | Reached * piety under Lugonu
   286 | D:1      | Reached XP level 2. HP: 25/26 MP: 3/3
  1074 | D:2      | Reached XP level 3. HP: 33/33 MP: 4/4
  1115 | D:2      | Reached skill level 4 in Fighting
  2121 | D:3      | Reached XP level 4. HP: 38/40 MP: 5/5
  2123 | D:3      | Reached ** piety under Lugonu
  2291 | D:3      | Noticed Sigmund
  3055 | D:4      | Reached XP level 5. HP: 47/47 MP: 7/7
  3072 | D:4      | Learned a level 3 spell: Confuse
  3096 | D:4      | Noticed a water moccasin
  3127 | D:4      | Killed a water moccasin
  3222 | D:4      | Reached XP level 6. HP: 41/55 MP: 8/8
  3406 | D:4      | Reached skill level 5 in Fighting
  3754 | D:5      | Entered Level 5 of the Dungeon
  3812 | D:4      | Your scales start taking on a glossy black colour.
  3812 | D:4      | Reached XP level 7. HP: 19/61 MP: 9/9
  3812 | D:4      | Gained mutation: You are resistant to electric shocks.
                  | (rElec) [Black Draconian growth]
  3930 | D:5      | Got a sparkling pewter ring
  3931 | D:5      | Identified the ring "Ygonlau" {+Fly rPois Int+4 Dex+4} (You
                  | found it on level 5 of the Dungeon)
  4027 | D:5      | Found a staircase to the Ecumenical Temple.
  4112 | D:5      | Found an iron altar of Okawaru.
  4260 | D:5      | Reached *** piety under Lugonu
  4285 | D:5      | Reached skill level 6 in Fighting
  4539 | D:5      | Reached skill level 5 in Invocations
  4539 | D:5      | Reached XP level 8. HP: 64/70 MP: 11/11
  4838 | D:7      | Found a shadowy altar of Dithmenos.
  4838 | D:7      | Found a sacrificial altar of Ru.
  4892 | D:6      | Reached skill level 5 in Long Blades
  5310 | D:6      | Reached skill level 7 in Fighting
  6273 | D:7      | Reached skill level 1 in Evocations
  6278 | D:7      | Reached XP level 9. HP: 73/80 MP: 14/14
  6435 | D:7      | Gained mutation: Your body sometimes deteriorates upon
                  | taking damage. [potion of mutation]
  6435 | D:7      | Gained mutation: You have large cloven feet. [potion of
                  | mutation]
  6436 | D:7      | Reached skill level 8 in Fighting
  6558 | D:7      | Mangled by an orc warrior

Skill      XL: |  1  2  3  4  5  6  7  8  9 |
---------------+----------------------------+-----
Fighting       | 4 5 6 7 8 |  8.0
Dodging        | 3 |  3.1
Long Blades    | 3 4 6 |  6.6
Shields        | 2 3 4 |  4.0
Invocations    | 3 5 6 7 |  7.1
Evocations     | 1 3 |  3.1

Action                   |  1- 3 |  4- 6 |  7- 9 || total
-------------------------+-------+-------+-------++-------
Melee: Falchion          |   105 |   158 |   390 ||   653
       Tailslap          |     8 |    29 |    67 ||   104
       Kick              |       |       |     6 ||     6
Throw: Stone             |     8 |    13 |    26 ||    47
Invok: Depart the Abyss  |     1 |       |       ||     1
       Banish            |       |       |     1 ||     1
 Abil: Breathe Lightning |       |       |    16 ||    16
Evoke: Wand              |       |       |     2 ||     2
  Use: Scroll            |       |     3 |     2 ||     5
       Potion            |       |     1 |     6 ||     7
 Stab: Sleeping          |     1 |       |     1 ||     2
       Invisible         |       |       |     5 ||     5
  Eat: Chunk             |     4 |     6 |    12 ||    22
Armor: Skin              |    24 |    60 |   125 ||   209
Dodge: Dodged            |    67 |   106 |   250 ||   423
Block: Buckler           |       |    27 |   122 ||   149
       Rpst.: Falchion   |    19 |    35 |    71 ||   125
